 Dungeon Crawl Stone Soup version 0.30-a0-1124-g6e8f0f562f (webtiles) character file.

Game seed: 11830450663575895442

84 BlueFish the Shield-Bearer (level 4, -1/31 HPs)
             Began as an Octopode Fighter on Apr 24, 2023.
             Slain by Natasha (9 damage)
             ... on level 2 of the Dungeon.
             The game lasted 00:05:53 (1382 turns).

BlueFish the Shield-Bearer (Octopode Fighter)       Turns: 1382, Time: 00:05:53

Health: -1/31      AC:  1    Str: 17    XL:     4   Next: 46%
Magic:  5/5        EV: 13    Int: 10    God:
Gold:   58         SH:  4    Dex: 11    Spells: 5/5 levels left

rFire   . . .        a - +0 whip
rCold   . . .        b - +0 buckler
rNeg    . . .        (helmet restricted)
rPois   .            (no amulet)
rElec   .            (no ring)
rCorr   .            (no ring)
SInv    .            (no ring)
Will    .....        (no ring)
Stlth   +++          (no ring)
HPRegen 0.25/turn    (no ring)
MPRegen 0.09/turn    (no ring)
                     (no ring)

%: no passive effects
@: mighty, slowed, very slow
A: almost no armour, amphibious, 8 rings, camouflage 1, gelatinous body 1,
(nimble swimmer 1), tentacles
a: no special abilities


You were on level 2 of the Dungeon.
You visited 1 branch of the dungeon, and saw 4 of its levels.

You collected 58 gold pieces.

Inventory:

Hand Weapons
 a - a +0 whip (weapon)
 e - a +0 flail
 h - a +0 mace
Missiles
 i - 3 poisoned darts (quivered)
 j - 26 stones
Armour
 b - a +0 buckler (worn)
Scrolls
 d - a scroll of amnesia {unknown}
 g - a scroll of immolation {unknown}
 k - 2 scrolls of identify {unknown}
Potions
 f - 2 potions of curing {unknown}
 l - 2 potions of heal wounds {unknown}


   Skills:
 + Level 3.3 Fighting
 + Level 2.3 Maces & Flails
 + Level 3.3 Dodging
 * Level 3.1 Stealth
 + Level 3.3 Shields
 + Level 1.0 Spellcasting


You had 5 spell levels left.
You didn't know any spells.
Your spell library contained the following spells:

 Spells                   Type           Power      Damage    Failure   Level
 Poisonous Vapours        Pois/Air       0%         N/A       54%         2
 Mephitic Cloud           Conj/Pois/Air  0%         N/A       78%         3
 Freezing Cloud           Conj/Ice/Air   0%         6-21      100%        5


Dungeon Overview and Level Annotations

Branches:
Dungeon (4/15)
 Temple: D:4-7

Altars:
Ashenzari

Annotations:
D:2 Natasha, Terence
D:4 Menkaure


Innate Abilities, Weirdness & Mutations

You cannot wear most types of armour.
You are amphibious.
You can wear up to eight rings at the same time.
Your skin changes colour to match your surroundings (Stealth+).
Your rubbery body absorbs attacks. (AC +1, EV +1)
((You are camouflaged when in or above water. (Stealth+)))
You have tentacles for arms and can constrict up to eight enemies at once.


Message History

You closely miss the giant cockroach. You grab the giant cockroach.
You constrict the giant cockroach. The giant cockroach bites you.
The giant cockroach misses you.
You hit the giant cockroach.
You kill the giant cockroach!
You closely miss the goblin. You grab the goblin. You squeeze the goblin.
You kill the goblin!
Your Spellcasting skill increases to level 1!
Things that are here:
a +0 dagger; a goblin corpse; a giant cockroach corpse
Things that are here:
a +0 dagger; a goblin corpse; a giant cockroach corpse Natasha hisses angrily.
Natasha stares at you and mumbles some strange words.
You feel yourself slow down.
Natasha stares at you and mumbles some strange words.
The magic dart hits you!
Natasha stares at you and mumbles some strange words.
The magic dart hits you!
You miss Natasha. Your grab misses Natasha. Your squeeze misses Natasha.
Natasha claws you. Natasha closely misses you.
You barely miss Natasha. Your grab misses Natasha. Your squeeze misses Natasha.
You block Natasha's attack.
You hit Natasha. Your grab misses Natasha.
Natasha is moderately wounded.
You block Natasha's attack. Natasha claws you.
You barely miss Natasha.
Terence shouts!
You grab Natasha.
Natasha is moderately wounded.
You constrict Natasha, but do no damage.
Natasha closely misses you.
You hit Natasha but do no damage.
Natasha is moderately wounded.
You constrict Natasha. Natasha claws you!
* * * LOW HITPOINT WARNING * * *
Natasha misses you.
You feel very mighty all of a sudden.
You constrict Natasha. Natasha claws you!
You die...

##.... #.## .#### ## #.#
#.# .. ... #.# #.# .##
###.###.#############.##
.#
........##..)......#...#
..$.....##.#######......
........##.#########...#
........##............##
.....?h@....#########.#
........##..# #.#
............####### #.#
..................# #..
..........@..####.# ###
##.###...#...####.####
#. #................ #
#.#.#..#........
.........)....##.


You could see Terence and Natasha.

Vanquished Creatures
  Natasha (D:2)
  A gnoll (D:1)
  An adder (D:2)
  An orc (D:3)
  3 bats
  4 endoplasms
  4 giant cockroaches
  7 goblins
  2 hobgoblins
  3 quokkas
  2 ball pythons
  A frilled lizard (D:2)
  5 kobolds
  2 rats (D:1)
37 creatures vanquished.

Notes
Turn   | Place    | Note
-------+----------+-------------------------------------------
     0 | D:1      | BlueFish the Octopode Fighter began the quest for the Orb.
     0 | D:1      | Reached XP level 1. HP: 16/16 MP: 1/1
   118 | D:1      | Reached skill level 1 in Stealth
   118 | D:1      | Reached XP level 2. HP: 19/21 MP: 2/2
   716 | D:1      | Reached XP level 3. HP: 24/26 MP: 3/3
   743 | D:2      | Noticed Terence
   775 | D:2      | You fall into a shaft and drop 2 floors!
   808 | D:4      | Noticed Menkaure
   874 | D:3      | Found a broken altar of Ashenzari.
  1151 | D:2      | Noticed Natasha
  1157 | D:2      | Killed Natasha
  1158 | D:2      | Reached XP level 4. HP: 22/31 MP: 3/5
  1351 | D:2      | Noticed Natasha
  1364 | D:2      | Reached skill level 1 in Spellcasting
  1382 | D:2      | Slain by Natasha

Illustrated notes

Levels and vault maps discovered:
D:1:      minmay_arrival_checkered_box, layout_basic, bh_walls_and_bars
D:2:      layout_loops_ring, uniq_natasha, uniq_terence
D:3:      minmay_chambers_of_threes, layout_basic, evilmike_ruin_ashenzari,
          serial_co_window_serial, co_window_corner_a,
          co_window_of_opportunity_a, co_window_paths_b, co_window_paths_a,
          co_window_paths_a, co_window_corner_a, co_window_paths_b,
          co_window_paths_a, co_window_of_opportunity_a, co_window_corner_b,
          co_window_of_opportunity_b, co_window_corner_cb, co_window_2corner,
          co_window_paths_c, co_window_sun, co_window_paths_e, glass_columns_b,
          glass_columns_a, uniq_grinder
D:4:      layout_gridville, uniq_menkaure

Skill      XL: |  1  2  3  4 |
---------------+-------------+-----
Stealth        | 1 2 3 |  3.1
Spellcasting   | 1 |  1.0
Fighting       | |  3.3
Maces & Flails | |  2.3
Dodging        | |  3.3
Shields        | |  3.3

Action                     |  1- 3 |  4- 6 || total
---------------------------+-------+-------++-------
  Melee: Flail             |     8 |       ||     8
         Constrict         |    12 |     4 ||    16
         Whip              |    45 |    20 ||    65
         Tentacles         |     7 |     4 ||    11
    Use: Potion            |       |     1 ||     1
   Stab: Sleeping          |    10 |     2 ||    12
         Distracted        |     1 |       ||     1
 Armour: Skin              |     6 |       ||     6
  Dodge: Dodged            |    31 |     7 ||    38
  Block: Buckler           |     6 |     4 ||    10

Table legend: (Time is in decaauts)
 A = Elapsed time spent in this place.
 B = Non-inter-level travel time spent in this place.
 C = Inter-level travel time spent in this place.
 D = Time resting spent in this place.
 E = Time spent auto-exploring this place.
 F = Levels seen in this place.
 G = Mean time per level.
                   A        B        C        D        E       F      G
               +--------+--------+--------+--------+--------+-----+--------+
         Total |   1396 |   1373 |     23 |      0 |    875 |   4 |  349.0 |
       Dungeon |   1396 |   1373 |     23 |      0 |    875 |   4 |  349.0 |
               +--------+--------+--------+--------+--------+-----+--------+

Top non-repeatable levels by time:
     D:1: 733 daAuts
     D:2: 344 daAuts
     D:3: 248 daAuts
     D:4: 70 daAuts
